 Dungeon Crawl Stone Soup version 0.28-a0-811-g00180f5fcc (webtiles) character file.

Game seed: 5128740790048723193

7564 Decritt the Fighter (level 11, 0/72 HPs)
             Began as a Gargoyle Fighter on Nov 8, 2021.
             Was a Follower of Ru.
             Slain by Snorg (5 damage)
             ... on level 10 of the Dungeon.
             The game lasted 00:31:50 (13256 turns).

Decritt the Fighter (Gargoyle Fighter)             Turns: 13256, Time: 00:31:51

Health: 0/72       AC: 26    Str: 29    XL:     11   Next: 17%
Magic:  0/11       EV:  8    Int: 12    God:    Ru [*.....]
Gold:   257        SH: 11    Dex: 17    Spells: 10/10 levels left

rFire   x . .      SeeInvis +   A - +3 war axe "Pumies" {speed, rF- Int+4 Dex+4}
rCold   . . .      Faith    .   m - +0 kite shield
rNeg    + . .      Spirit   +   z - +0 plate armour
rPois   ∞          Reflect  .   t - +0 helmet
rElec   +          Harm     .   (no cloak)
rCorr   .          Rampage  .   v - +2 pair of gloves {Dex+3}
Will    .....                   (no boots)
Stlth   ..........              D - amulet "Boifamm" {Spirit Fly rElec SInv}
HPRegen 0.22/turn               o - +4 ring of slaying
MPRegen 0.12/turn               C - +6 ring of strength

@: mighty, flying
A: sickness immunity, AC +8, negative energy resistance 1, electricity
resistance, torment resistance 1, petrification resistance, no stealth, no air
magic, no hexes magic, no translocations magic
a: Renounce Religion


You were on level 10 of the Dungeon.
You worshipped Ru.
Ru was aware of your devotion.
You visited 2 branches of the dungeon, and saw 11 of its levels.

You collected 401 gold pieces.
You spent 144 gold pieces at shops.

Inventory:

Hand Weapons
 g - a +2 flail of holy wrath
 x - a +0 morningstar
 A - the +3 war axe "Pumies" (weapon) {speed, rF- Int+4 Dex+4}
   (You bought it in a shop on level 1 of the Dungeon)

   Attacks with this weapon are significantly faster.
   Int:       It affects your intelligence (+4).
   Dex:       It affects your dexterity (+4).
   rF:        It makes you vulnerable to fire.
 E - a +1 whip of draining
Missiles
 q - 2 curare-tipped darts
 w - 8 silver boomerangs
 B - a poisoned dart (quivered)
Armour
 m - a +0 kite shield (worn)
 t - a +0 helmet (worn)
 v - a +2 pair of gloves of dexterity (worn)
 z - a +0 plate armour (worn)
Jewellery
 o - a +4 ring of slaying (left hand)
 C - a +6 ring of strength (right hand)
 D - the amulet "Boifamm" (around neck) {Spirit Fly rElec SInv}
   (You acquired it on level 4 of the Dungeon)

   [amulet of guardian spirit]

   It causes incoming damage to be divided between your reserves of health and
   magic.
   rElec:     It insulates you from electricity.
   SInv:      It lets you see invisible.
   Fly:       It grants you flight.
Wands
 j - a wand of polymorph (11)
 l - a wand of mindburst (6)
 n - a wand of acid (9)
 y - a wand of charming (10)
Scrolls
 i - a scroll of immolation
 k - a scroll of amnesia {unknown}
 p - 5 scrolls of teleportation
 r - a scroll of identify
 u - a scroll of vulnerability {unknown}
 F - a scroll of fear
 G - a scroll of brand weapon
Potions
 a - a potion of mutation {unknown}
 b - a potion of ambrosia {unknown}
 c - a potion of degeneration {unknown}
 e - 6 potions of curing
 f - 2 potions of attraction {unknown}
 h - a potion of flight {unknown}
 s - 2 potions of cancellation
 H - a potion of berserk rage {unknown}


   Skills:
 * Level 10.0 Fighting
 * Level 9.5 Maces & Flails
 + Level 1.1 Throwing
 + Level 8.0 Armour
 + Level 4.5 Dodging
 + Level 8.5 Shields


You had 10 spell levels left.
You didn't know any spells.
Your spell library contained the following spells:

 Spells                   Type           Power      Damage    Failure   Level
 Conjure Flame            Conj/Fire      0%         6-21      100%        3
 Ignite Poison            Fire/Tmut/Pois 0%         N/A       100%        3
 Petrify                  Tmut/Erth      0%         N/A       100%        4
 Sticky Flame             Conj/Fire      0%         2d3       100%        4
 Alistair's Intoxication  Tmut/Pois      0%         N/A       100%        5
 Irradiate                Conj/Tmut      0%         3d13      100%        5
 Borgnjor's Revivificati  Necr           0%         N/A       100%        8
 Necromutation            Tmut/Necr      0%         N/A       100%        8
 Death's Door             Necr           0%         N/A       100%        9
 Apportation              Tloc           Unusable   N/A       N/A         1
 Sublimation of Blood     Necr           Unusable   N/A       N/A         2
 Gell's Gravitas          Tloc           Unusable   N/A       N/A         3
 Lesser Beckoning         Tloc           Unusable   N/A       N/A         3
 Teleport Other           Tloc           Unusable   N/A       N/A         3
 Dispersal                Tloc           Unusable   N/A       N/A         6
 Invisibility             Hex            Unusable   N/A       N/A         6
 Disjunction              Tloc           Unusable   N/A       N/A         8

Dungeon Overview and Level Annotations

Branches:
Dungeon (10/15)            Temple (1/1) D:4            Lair (0/6) D:8
    Orc: D:9-12

Altars:
Ashenzari
Cheibriados
Dithmenos
Elyvilon
Fedhas
Gozag
Hepliaklqana
Kikubaaqudgha
Makhleb
Nemelex Xobeh
Okawaru
Qazlal
Ru
Sif Muna
Trog
Uskayaw
Vehumet
Wu Jian
Xom
Yredelemnul
Zin
The Shining One

Shops:
D:1 (   D:5 *=

Annotations:
D:10 Snorg


Innate Abilities, Weirdness & Mutations

You are immune to sickness and miasma.
Your stone body is resilient. (AC +8)
You are immune to poison.
You resist negative energy. (rN+)
You are resistant to electric shocks. (rElec)
You are resistant to unholy torment.
You are immune to petrification.
You cannot be stealthy.
You cannot study or cast Air magic.
You cannot study or cast Hexes magic.
You cannot study or cast Translocations magic.


Message History

Snorg looks more healthy.
Snorg barely misses you. You block Snorg's attack. x2
You slice Snorg!!
Snorg is heavily wounded.
Snorg bites you but does no damage. You block Snorg's attack.
Snorg claws you but does no damage. Snorg bites you. Snorg claws you!
Snorg claws you.
You slice Snorg!!
Snorg is severely wounded.
You block Snorg's attack. Snorg claws you but does no damage. Snorg claws you!
* * * LOW HITPOINT WARNING * * *
You slash Snorg!
Snorg is severely wounded.
You block Snorg's attack. x2; Snorg claws you!
* * * LOW HITPOINT WARNING * * *
You slice Snorg!!
Snorg is almost dead.
Snorg bites you but does no damage. Snorg claws you but does no damage.
Snorg closely misses you. Snorg bites you but does no damage.
You block Snorg's attack. Snorg completely misses you.
You closely miss Snorg.
Snorg is almost dead.
Snorg closely misses you. Snorg claws you but does no damage.
You block Snorg's attack.
You closely miss Snorg.
Snorg is almost dead.
Snorg bites you.
* * * LOW HITPOINT WARNING * * *
Snorg claws you.
* * * LOW HITPOINT WARNING * * *
Snorg barely misses you. You block Snorg's attack. x2
Snorg closely misses you.
You barely miss Snorg.
Snorg is almost dead.
You block Snorg's attack. x3
You barely miss Snorg.
Snorg is almost dead.
Snorg bites you!!
* * * LOW HITPOINT WARNING * * *
You block Snorg's attack. Snorg claws you.
You die...

#################################
................@T....(....(...(.
##..............################.
#..............#
##..............########
........................
........................
........................
........................
...^....................


You could see Snorg (berserk).

Vanquished Creatures
  A boulder beetle (D:9)
  2 two-headed ogres (D:8)
  An ugly thing (D:9)
  Maggie (D:7)
  A troll (D:10)
  A shadow (D:9)
  8 yaks
  An acid dragon (D:8)
  4 water moccasins
  2 orc warriors (D:8)
  2 black bears
  A sky beast (D:6)
  A necrophage (D:7)
  2 ogres (D:5)
  4 centaurs
  A phantom (D:6)
  2 kobold brigands
  5 bullfrogs
  A scorpion (D:6)
  A water moccasin skeleton (D:4)
  4 killer bees (D:9)
  5 wights (D:7)
  4 howler monkeys
  A bullfrog zombie (D:6)
  2 jellies
  2 gnoll shamans (D:7)
  2 hounds
  2 orc priests (D:8)
  2 bullfrog skeletons (D:4)
  2 centaur skeletons (D:5)
  5 iguanas
  2 killer bee zombies (D:7)
  4 howler monkey zombies
  15 gnolls
  7 adders
  A shadow imp (D:6)
  An adder skeleton (D:4)
  2 worms (D:4)
  3 dart slugs
  11 orcs
  7 bats
  11 endoplasms
  4 giant cockroaches
  5 goblins
  5 hobgoblins (D:1)
  A jackal (D:3)
  22 kobolds
  2 quokkas
  4 ball pythons
  4 frilled lizards
  8 rats
192 creatures vanquished.

Vanquished Creatures (others)
  55 fungi
  45 plants
100 creatures vanquished.

Grand Total: 292 creatures vanquished

Notes
Turn   | Place    | Note
-------+----------+-------------------------------------------
     0 | D:1      | Decritt the Gargoyle Fighter began the quest for the Orb.
     0 | D:1      | Reached XP level 1. HP: 14/14 MP: 1/1
   378 | D:1      | Reached XP level 2. HP: 19/19 MP: 2/2
   704 | D:1      | Found Wikia's Antique Weapon Shop.
   844 | D:1      | Reached XP level 3. HP: 24/24 MP: 3/3
  1139 | D:1      | Found a faded altar of an unknown god.
  1913 | D:2      | Reached skill level 4 in Fighting
  1913 | D:2      | Reached XP level 4. HP: 29/29 MP: 4/4
  2325 | D:3      | Found a blossoming altar of Fedhas.
  2387 | D:3      | Found a stormy altar of Qazlal.
  2664 | D:2      | Reached XP level 5. HP: 17/33 MP: 5/5
  4558 | D:4      | Found a staircase to the Ecumenical Temple.
  4572 | Temple   | Entered the Ecumenical Temple
  4891 | D:4      | Reached XP level 6. HP: 39/39 MP: 6/6
  4972 | D:4      | Reached skill level 5 in Maces & Flails
  5542 | D:1      | Bought an ebony war axe for 144 gold pieces
  5542 | D:1      | Identified the +3 war axe "Pumies" {speed, rF- Int+4 Dex+4}
                  | (You bought it in a shop on level 1 of the Dungeon)
  5621 | D:5      | Entered Level 5 of the Dungeon
  5634 | D:5      | Noticed a black bear
  5643 | D:5      | Killed a black bear
  5644 | D:5      | Reached skill level 5 in Fighting
  5644 | D:5      | Reached XP level 7. HP: 40/44 MP: 7/7
  5646 | D:5      | Found Utonenoj's Jewellery Shop.
  5682 | D:5      | Reached skill level 1 in Dodging
  5719 | D:5      | Reached skill level 5 in Shields
  6489 | D:4      | Identified 2 scrolls of acquirement
  6489 | D:4      | Acquired a +1 pair of gloves of dexterity
  6490 | D:4      | Acquired the amulet "Boifamm" {Spirit Fly rElec SInv}
  6941 | D:5      | Found Aloshred's Serpentskin Sales.
  6953 | D:5      | Reached XP level 8. HP: 44/51 MP: 5/8
  7180 | D:5      | Found a glowing silver altar of Zin.
  7180 | D:5      | Found an ornate altar of the Wu Jian Council.
  7180 | D:5      | Found a shimmering altar of Xom.
  7186 | D:5      | Found a sacrificial altar of Ru.
  7189 | D:5      | Became a worshipper of Ru the Awakened
  7426 | D:6      | Found a sparkling altar of Nemelex Xobeh.
  7514 | D:6      | Reached skill level 6 in Fighting
  7533 | D:6      | Reached skill level 5 in Armour
  8376 | D:7      | Reached XP level 9. HP: 43/56 MP: 6/9
  8398 | D:7      | Gained mutation: You cannot study or cast Air magic. [Ru
                  | sacrifice]
  8398 | D:7      | Gained mutation: You cannot study or cast Hexes magic. [Ru
                  | sacrifice]
  8398 | D:7      | Gained mutation: You cannot study or cast Translocations
                  | magic. [Ru sacrifice]
  8398 | D:7      | Reached * piety under Ru
  8873 | D:7      | Noticed Maggie
  8890 | D:7      | Killed Maggie
  8891 | D:7      | Reached skill level 7 in Fighting
 10255 | D:8      | Reached skill level 8 in Fighting
 10272 | D:8      | Reached XP level 10. HP: 52/64 MP: 7/10
 10375 | D:8      | Noticed a two-headed ogre
 10778 | D:8      | Killed a two-headed ogre
 10902 | D:8      | Found a staircase to the Lair.
 11535 | D:9      | Reached skill level 9 in Fighting
 11786 | D:9      | Noticed a boulder beetle
 11955 | D:9      | Noticed a two-headed ogre
 11970 | D:8      | Killed a two-headed ogre
 12397 | D:8      | Gained mutation: You cannot be stealthy. [Ru sacrifice]
 12650 | D:9      | Killed a boulder beetle
 12651 | D:9      | Reached XP level 11. HP: 40/72 MP: 9/11
 12969 | D:9      | Noticed a green ugly thing
 12978 | D:9      | Killed a green ugly thing
 12979 | D:9      | Reached skill level 1 in Throwing
 13131 | D:10     | Entered Level 10 of the Dungeon
 13157 | D:10     | Reached skill level 10 in Fighting
 13231 | D:10     | Noticed Snorg
 13256 | D:10     | Slain by Snorg

Illustrated notes

Levels and vault maps discovered:
D:1:      lemuel_arrival_tunnels, layout_loops_ring,
          hellmonk_ecumenical_altar_arch_garden, serial_shops, shop,
          minmay_octomino_e4
D:2:      layout_rooms, minmay_misc_feat_secret_circle
D:3:      layout_loops_cross, grunt_temple_overflow_forces_of_nature,
          st_stairs_13
D:4:      layout_cave_pools, minmay_temple_entry_mist
D:5:      layout_cave_pools, minitemple, serial_shops, shop, guppyfry_shop_venom
D:6:      layout_basic, lemuel_tele_altar
D:7:      layout_layer_cave, uniq_maggie
D:8:      layout_basic, due_lair_maze_entry_diamond
D:9:      layout_basic, due_unseen_surprise
D:10:     layout_long_grid, hiddenorc2_lemuel, ebering_ghost_gozag, uniq_grum,
          uniq_snorg
Temple:   regret_index_temple_generic_petals

Skill      XL: |  1  2  3  4  5  6  7  8  9 10 11 |
---------------+----------------------------------+-----
Maces & Flails | 3 4 5 6 7 9 |  9.5
Fighting       | 4 5 6 8 9 10 | 10.0
Shields        | 4 5 6 7 8 |  8.5
Dodging        | 1 2 3 4 |  4.5
Armour         | 4 5 6 7 8 |  8.0
Throwing       | 1 |  1.1

Action                   |  1- 3 |  4- 6 |  7- 9 | 10-12 || total
-------------------------+-------+-------+-------+-------++-------
Melee: Flail             |   157 |   162 |    15 |       ||   334
       War axe           |       |     4 |   233 |   138 ||   375
Throw: Throwing net      |       |     1 |       |     2 ||     3
       Dart              |       |       |    74 |    31 ||   105
       Boomerang         |       |       |       |     3 ||     3
Invok: Sacrifice Arcana  |       |       |     1 |       ||     1
       Sacrifice Stealth |       |       |       |     1 ||     1
  Use: Scroll            |       |       |    16 |       ||    16
       Potion            |       |       |     2 |     1 ||     3
Armor: Scale mail        |   108 |    73 |    96 |       ||   277
       Plate armour      |       |       |    13 |    57 ||    70
       Skin              |       |       |     1 |       ||     1
Dodge: Dodged            |   105 |    61 |    74 |    24 ||   264
Block: Buckler           |    38 |       |       |       ||    38
       Kite shield       |       |    81 |   137 |    83 ||   301

Table legend: (Time is in decaauts)
 A = Elapsed time spent in this place.
 B = Non-inter-level travel time spent in this place.
 C = Inter-level travel time spent in this place.
 D = Time resting spent in this place.
 E = Time spent auto-exploring this place.
 F = Levels seen in this place.
 G = Mean time per level.
                   A        B        C        D        E       F      G
               +--------+--------+--------+--------+--------+-----+--------+
         Total |  13397 |  13030 |    367 |   3522 |   6950 |  11 | 1217.9 |
       Dungeon |  13121 |  12788 |    333 |   3522 |   6715 |  10 | 1312.1 |
        Temple |    275 |    241 |     34 |      0 |    235 |   1 |  275.0 |
               +--------+--------+--------+--------+--------+-----+--------+

Top non-repeatable levels by time:
     D:8: 2094 daAuts
     D:7: 1856 daAuts
     D:1: 1806 daAuts
     D:2: 1761 daAuts
     D:4: 1478 daAuts
     D:3: 1151 daAuts
     D:9: 1132 daAuts
     D:5: 1036 daAuts
     D:6: 680 daAuts
  Temple: 275 daAuts
    D:10: 124 daAuts
